 Dungeon Crawl Stone Soup version 0.14.0-7-g2801ba0 (webtiles) character file.

8539 keeper the Fighter (level 11, -2/105 HPs)
             Began as a Black Draconian Fighter on Apr 12, 2014.
             Was a Believer of the Shining One.
             Slain by a yak (12 damage)
             ... on Level 10 of the Dungeon.
             The game lasted 00:22:59 (9393 turns).

keeper the Fighter (Black Draconian Fighter)        Turns: 9393, Time: 00:22:59

HP  -2/105       AC  9     Str 19      XL: 11   Next:  6%
MP  11/11        EV 12     Int 11      God: the Shining One [**....]
Gold 397         SH  0     Dex 11      Spells:  0 memorised, 10 levels left

rFire  . . .     SeeInvis .     a - +1 trident
rCold  . . .     Clarity  .     (armour unavailable)
rNeg   + . .     Conserve .     (no shield)
rPois  +         rCorr    .     (helmet restricted)
rElec  +         rRot     .     (no cloak)
SustAb . .       Spirit   .     w - +0 pair of gloves {archer}
rMut   .         Warding  .     d - +0 pair of boots
Saprov . . .     Stasis   .     (no amulet)
MR     .....                    l - ring of Gluttony {+Inv Acc+4}
                                e - ring of poison resistance

@: short of breath, hasted, glowing, very quick, not resistant to hostile
enchantments, very unstealthy
A: breathe lightning, unfitting armour, stinger 1, carnivore 1, sense
surroundings 1, electricity resistance, AC +7
a: Breathe Lightning, Divine Shield, Renounce Religion, Evoke Invisibility


You were on level 10 of the Dungeon.
You worshipped the Shining One.
The Shining One was pleased with you.
You were not hungry.

You visited 1 branch of the dungeon, and saw 10 of its levels.
You also visited: Sewer.

You collected 521 gold pieces.
You spent 124 gold pieces at shops.


Innate Abilities, Weirdness & Mutations

You can breathe wild blasts of lightning.
Your glossy black scales are hard (AC +7).
Your body does not fit into most forms of armour.
Your cold-blooded metabolism reacts poorly to cold.
You are resistant to electric shocks.
Your tail ends in a poisonous barb.
Your digestive system is specialised to digest meat.
You passively map a small area around you.


   Skills:
 + Level 12.3 Fighting
 - Level 7.2 Polearms
 + Level 7.6 Crossbows
 - Level 2.6 Dodging
 - Level 8.0 Shields


You had 10 spell levels left.
You didn't know any spells.

Inventory:

Hand weapons
 a - a +1,+1 trident (weapon)
 g - a cursed +2,+1 vampiric trident
 A - the +4,+9 crossbow of Irrepressible Laughter {elec, +Inv rElec MR+}
   (You acquired it on level 6 of the Dungeon)

   It charges the ammunition it shoots with electricity; occasionally upon a
   hit, such missiles may discharge and cause terrible harm.
   It insulates you from electricity.
   It affects your resistance to hostile enchantments.
   It lets you turn invisible.
Armour
 b - a +0 pair of gloves
 c - a +1 shield
 d - a +0 pair of boots (worn)
 o - a +1 pair of gloves
 w - a +0 pair of gloves of archery (worn)
 x - a cursed +0 pair of gloves
Magical devices
 G - a wand of digging (13)
 M - a wand of lightning (3)
 P - a wand of slowing (11)
 Q - a wand of cold (3)
Comestibles
 f - 9 bread rations
 s - an orange
 v - a sausage
 E - a meat ration
 F - an apricot
 H - a snozzcumber
 I - 5 apples
 J - 2 cheeses
 R - 5 rotting chunks of centaur flesh {@*1}
 S - 4 chunks of yak flesh {@*1}
Scrolls
 j - 4 scrolls of remove curse
 k - 5 scrolls of identify
 n - 2 scrolls of blinking
 p - 5 scrolls of teleportation
 y - a scroll of fog
 B - a scroll of immolation {!r}
 K - a scroll of magic mapping
Jewellery
 e - a ring of poison resistance (left hand)
 h - an uncursed ring of protection from cold
 i - an uncursed ring of see invisible
 l - the ring of Gluttony (right hand) {+Inv Acc+4}
   (You found it in a sewer)

   [ring of invisibility]

   It affects your accuracy with ranged weapons and melee attacks (+4).
 r - an uncursed ring of protection from cold
 z - an uncursed ring of teleport control
 O - an uncursed ring of protection from fire {unknown}
Potions
 q - 2 potions of curing
 D - 3 potions of restore abilities
 L - 2 potions of might
Books
 t - a book of Minor Magic

   Spells                             Type                      Level
   Magic Dart                         Conjuration                  1
   Blink                              Translocation                2
   Call Imp                           Summoning                    2
   Repel Missiles                     Charms/Air                   2
   Slow                               Hexes                        2
   Conjure Flame                      Conjuration/Fire             3
   Mephitic Cloud                     Conjuration/Poison/Air       3
Magical staves
 m - an uncursed staff of air {unknown}
 u - an uncursed staff of cold {unknown}

Dungeon Overview and Level Annotations

Branches:
Dungeon (10/15)            Temple (0/1) D:7            Lair (0/8) D:10
    Orc: D:9-12

Altars:
Dithmenos
Nemelex Xobeh
Yredelemnul
Zin
The Shining One

Shops:
D:6

?*[} ·◦ ◦▒·▒
░◦ ◦◦▒·▒ ◦
◦▒(▒ ░ ░ ◦ ◦
▒·▒▒▒▒▒▒ ░ ◦
▒······▒ ◦
◦▒·▒▒▒▒▒▒ ░░
░░ ◦ ░ +·▒ ◦ ◦
◦ ◦◦ ▒·▒▒▒▒▒ ░
░ ▒·%dY·▒
▒▒▒▒▒·▒ ▒ ░░░
▒%▒ ░·▒ ▒(▒▒
▒▒·▒ ▒(%▒░)··
▒··▒▒·▒▒▒▒▒·
▒%········(·
▒▒▒j····▒▒▒▒▒·
▒▒··(······▒▒░


You could see a yak.


Message History

Firing (i - inventory): No suitable missiles.
Aim: a yak (lightly wounded, haloed)
Okay, then.
Wield which item (- for none, * to show all)? (? for menu, Esc to quit)
The +4,+9 crossbow of Irrepressible Laughter {elec, +Inv rElec MR+} stops crackling.
a - a +1,+1 trident (weapon)
The yak gores you!
* * * LOW HITPOINT WARNING * * *
You hit the yak but do no damage.
The yak is lightly wounded.
You have got your breath back.
The yak misses you.
Drink which item? (? for menu, Esc to quit)
You feel better. The yak gores you.
* * * LOW HITPOINT WARNING * * *
Drink which item? (? for menu, Esc to quit)
You feel better. The yak gores you.
* * * LOW HITPOINT WARNING * * *
Use which ability? (? or * to list)
You breathe a wild blast of lightning!
The zap hits the yak.
The yak is moderately wounded.
The orb of electricity explodes!
The orb of electricity engulfs you! You resist.
* * * LOW HITPOINT WARNING * * *
The orb of electricity engulfs the yak.
The yak is moderately wounded.
You feel somewhat more hungry. The yak gores you but does no damage.
Drink which item? (? for menu, Esc to quit)
You feel yourself speed up. The yak gores you!
You die...

Action                   |  1- 3 |  4- 6 |  7- 9 | 10-12 || total
-------------------------+-------+-------+-------+-------++-------
Melee: Trident           |   195 |   224 |   343 |     1 ||   763
 Fire: Crossbow          |       |       |   128 |    98 ||   226
 Abil: Breathe Lightning |       |       |     5 |     6 ||    11
Evoke: Wand              |       |       |       |     3 ||     3
  Use: Scroll            |     7 |     3 |     9 |       ||    19
       Potion            |     4 |     2 |     9 |     3 ||    18
 Stab: Invisible         |     1 |       |       |       ||     1

Vault maps used:
D:1:      tarquinn_simple_flora_water_f, serial_forest,
          infiniplex_forest_straight_3, infiniplex_forest_clump_large,
          infiniplex_forest_clump_small, infiniplex_forest_end_2,
          infiniplex_forest_clump_cross, infiniplex_forest_pool,
          infiniplex_forest_split, infiniplex_forest_clump_cross,
          infiniplex_forest_lined_room_2, hangedman_abyss_or_decor_stabs
D:2:      minmay_box_of_dots
D:3:      minitemple, serial_corexii_hall, corexii_hall_statues_x,
          corexii_hall_statues_u, uniq_terence
D:5:      serial_glass, glass_columns_b, glass_columns_b, due_unseen_surprise,
          minmay_strange_pillars, first_bread, gup_sewer_entry_bowl,
          hangedman_feature_mirror, kennysheep_small_spiral
D:6:      serial_shops, shop, kennysheep_mini, nicolae_shop_overgrown_old_shop,
          nicolae_shop_window_shopping, uniq_menkaure
D:7:      minmay_temple_entry_hall, uniq_eustachio, uniq_duvessa
D:9:      serial_pond, minmay_pond_plants_a, minmay_pond_plants_y, basic_altar
D:10:     lemuel_ice_spiral_2, minmay_lair_entry_grove, serial_shops,
          kennysheep_mini_moat, nicolae_shop_statue_plus, the_bakery
Sewer:    sewer_frog_island_01

Notes
Turn   | Place    | Note
--------------------------------------------------------------
     0 | D:1      | keeper, the Draconian Fighter, began the quest for the Orb.
     0 | D:1      | Reached XP level 1. HP: 19/19 MP: 1/1
   192 | D:1      | Reached XP level 2. HP: 17/26 MP: 2/2
   723 | D:1      | Reached XP level 3. HP: 33/33 MP: 3/3
  1132 | D:2      | Reached skill level 4 in Fighting
  1543 | D:3      | Paralysed by a potion of paralysis for 4 turns
  2011 | D:2      | Reached skill level 3 in Polearms
  2011 | D:2      | Reached XP level 4. HP: 37/41 MP: 4/4
  2054 | D:3      | Reached skill level 4 in Shields
  2316 | D:3      | Noticed Terence
  2341 | D:3      | Killed Terence
  2341 | D:3      | Reached XP level 5. HP: 28/47 MP: 5/5
  2645 | D:3      | Reached skill level 5 in Fighting
  2657 | D:3      | Found a sparkling altar of Nemelex Xobeh.
  2657 | D:3      | Found a shadowy altar of Dithmenos.
  2658 | D:3      | Found a glowing silver altar of Zin.
  2666 | D:3      | Found a basalt altar of Yredelemnul.
  2696 | D:3      | Reached XP level 6. HP: 56/56 MP: 6/6
  3006 | D:3      | Reached skill level 4 in Polearms
  3547 | D:4      | Reached skill level 5 in Shields
  3600 | D:4      | Noticed a water moccasin
  3619 | D:4      | Killed a water moccasin
  3634 | D:4      | Your scales start taking on a glossy black colour.
  3634 | D:4      | Gained mutation: You are resistant to electric shocks. [draconian maturity]
  3634 | D:4      | Reached XP level 7. HP: 56/62 MP: 7/7
  3897 | D:5      | Entered Level 5 of the Dungeon
  3916 | D:5      | Reached skill level 6 in Fighting
  4199 | D:5      | Reached skill level 5 in Polearms
  4206 | D:5      | Found a glowing golden altar of the Shining One.
  4261 | D:5      | Found a glowing drain.
  4265 | Sewer    | Entered a sewer
  4484 | Sewer    | Noticed Banei's ghost (average VSWz)
  4540 | Sewer    | Killed Banei's ghost
  4540 | Sewer    | Reached skill level 6 in Shields
  4687 | Sewer    | Reached XP level 8. HP: 47/71 MP: 8/8
  4738 | Sewer    | Got a wavering tin ring
  4745 | Sewer    | Identified the ring of Gluttony {+Inv Acc+4} (You found it in a sewer)
  4829 | D:5      | Reached skill level 7 in Fighting
  4976 | D:5      | Reached skill level 6 in Polearms
  5203 | D:5      | Became a worshipper of the Shining One
  5524 | D:5      | Found a glowing silver altar of Zin.
  5598 | D:6      | Found Schoogycs' Antique Armour Emporium.
  5604 | D:6      | Bought a pair of glowing gloves for 99 gold pieces
  5664 | D:6      | Reached skill level 7 in Shields
  5753 | D:6      | Found Pnatwaung's Gadget Emporium.
  5806 | D:6      | Found Sadafat's Assorted Antiques.
  5828 | D:6      | Bought a scroll labeled TAGRI TOUTUOVE for 25 gold pieces
  5833 | D:6      | Got a bloodstained crossbow
  5859 | D:6      | Identified the +4,+9 crossbow of Irrepressible Laughter {elec, +Inv rElec MR+} (You acquired it on level 6 of the Dungeon)
  6395 | D:6      | Found Bozaps' Magic Scroll Shop.
  6450 | D:6      | Noticed Menkaure
  6452 | D:6      | Killed Menkaure
  6452 | D:6      | Reached skill level 8 in Fighting
  6452 | D:6      | Reached skill level 1 in Crossbows
  6573 | D:6      | Paralysed by a giant eyeball for 2 turns
  6691 | D:7      | Reached XP level 9. HP: 59/81 MP: 9/9
  6824 | D:7      | Noticed Eustachio
  6827 | D:7      | Killed Eustachio
  6967 | D:7      | Reached skill level 7 in Polearms
  6997 | D:7      | Gained mutation: Your digestive system is specialised to digest meat. [potion of beneficial mutation]
  7163 | D:7      | Found a staircase to the Ecumenical Temple.
  7192 | D:7      | Gained mutation: You passively map a small area around you. [potion of mutation]
  7192 | D:7      | Gained mutation: Your tail ends in a poisonous barb. [potion of mutation]
  7227 | D:7      | Noticed Duvessa
  7229 | D:7      | Killed Duvessa
  7230 | D:7      | Noticed Dowan
  7238 | D:7      | Killed Dowan
  7238 | D:7      | Reached skill level 8 in Shields
  7349 | D:7      | Reached skill level 9 in Fighting
  7527 | D:8      | Reached skill level 2 in Crossbows
  7560 | D:8      | Acquired the Shining One's first power
  7639 | D:8      | Reached skill level 3 in Crossbows
  8212 | D:9      | Reached skill level 10 in Fighting
  8214 | D:9      | Reached skill level 4 in Crossbows
  8322 | D:9      | Found a basalt altar of Yredelemnul.
  8385 | D:9      | Reached XP level 10. HP: 93/93 MP: 10/10
  8659 | D:10     | Entered Level 10 of the Dungeon
  8664 | D:10     | Reached skill level 5 in Crossbows
  8716 | D:10     | Noticed a hill giant
  8717 | D:10     | Acquired the Shining One's second power
  8751 | D:10     | Reached skill level 11 in Fighting
  9015 | D:10     | Noticed a hill giant
  9021 | D:10     | Killed a hill giant
  9021 | D:10     | Reached skill level 6 in Crossbows
  9178 | D:10     | Killed a hill giant
  9190 | D:10     | Reached skill level 7 in Crossbows
  9196 | D:10     | Reached skill level 12 in Fighting
  9211 | D:10     | Found a staircase to the Lair.
  9230 | D:10     | HP: 9/97 [giant slug (13)]
  9374 | D:10     | Reached XP level 11. HP: 49/104 MP: 11/11
  9392 | D:10     | HP: 10/105 [bounced beam (10)]
  9393 | D:10     | Slain by a yak

Vanquished Creatures
  2 hill giants (D:10)
  A two-headed ogre (D:8)
  12 yaks (D:10)
  A basilisk (D:10)
  2 sharks (D:9)
  A spriggan (D:10)
  A deep elf mage (D:9)
  The ghost of Banei the Magician, an average VSWz (Sewer)
  Eustachio (D:7)
  2 hippogriffs
  Menkaure (D:6)
  A water moccasin (D:4)
  A necrophage (D:8)
  A sky beast (D:10)
  2 porcupines (D:10)
  A phantom (D:8)
  A giant goldfish (D:9)
  2 orc warriors
  An ice beast (D:7)
  5 ogres
  3 centaurs
  2 crocodiles (D:10)
  Duvessa (D:7)
  2 giant slugs (D:10)
  5 giant frogs
  3 scorpions
  3 wights (D:9)
  A goliath beetle (D:9)
  2 quasits (D:5)
  Dowan (D:7)
  A crimson imp (D:6)
  An electric eel (D:9)
  3 hounds
  A jelly (D:8)
  A giant frog zombie (D:5)
  7 orc priests
  An iguana (D:6)
  4 worker ants
  9 orc wizards
  A big kobold zombie (D:6)
  Terence (D:3)
  A mummy (D:7)
  11 adders
  3 green rats
  6 gnolls
  4 giant mites
  An inept feature mimic (D:7)
  An orc skeleton (D:9)
  6 worms
  An adder zombie (D:6)
  A giant eyeball (D:6)
  An ooze (D:1)
  32 orcs
  13 giant cockroaches
  9 goblins
  13 hobgoblins
  3 jackals (D:10)
  6 quokkas
  2 ball pythons (Sewer)
  10 bats
  6 giant geckos
  5 giant newts
  A giant spore (D:9)
  A hobgoblin skeleton (D:7)
  12 kobolds
  A kobold skeleton (D:4)
  15 rats
  4 ballistomycetes
  A plant (D:1)
263 creatures vanquished.

Vanquished Creatures (others)
  A giant spore (D:10)
  3 plants (D:10)
4 creatures vanquished.

Grand Total: 267 creatures vanquished
